[Event "Panevezys Elite Open 2019"]
[Site "Panevezys"]
[Date "2019.06.30"]
[Round "9.5"]
[White "Krykun, Yuriy"]
[Black "Krivonosov, Oleg"]
[Result "*"]
[ECO "E07"]
[WhiteElo "2342"]
[BlackElo "2411"]
[Annotator "ChessBase"]
[PlyCount "30"]
[EventDate "2019.06.24"]
[EventType "swiss"]
[EventCountry "LTU"]
[SourceTitle "playchess.com"]
[Source "ChessBase"]
[SourceQuality "1"]
[TimeControl "40/5400+30:1800+30"]

1. d4 d5 2. c4 e6 3. Nc3 Be7 4. Nf3 Nf6 5. g3 O-O 6. Bg2 c6 7. O-O Nbd7 8. Qd3 b6 9. b3 Bb7 10. Bb2 Rc8 11. Rfd1 Qc7 12. Rac1 Qb8 13. e4 dxe4 14. Nxe4 c5 15. Nxf6+ Bxf6 *

[Event "Panevezys Elite Open 2019"]
[Site "Panevezys"]
[Date "2019.06.30"]
[Round "9.6"]
[White "Stauskas, Lukas"]
[Black "Brazdzionis, Andrius"]
[Result "*"]
[ECO "D31"]
[WhiteElo "2306"]
[BlackElo "2337"]
[Annotator "ChessBase"]
[PlyCount "23"]
[EventDate "2019.06.24"]
[EventType "swiss"]
[EventCountry "LTU"]
[SourceTitle "playchess.com"]
[Source "ChessBase"]
[SourceQuality "1"]
[TimeControl "40/5400+30:1800+30"]

1. d4 d5 2. c4 e6 3. Nc3 a6 4. cxd5 exd5 5. Bf4 Nf6 6. e3 Bd6 7. Bg3 O-O 8. Bd3 Re8 9. Nge2 c6 10. Qc2 Bg4 11. Bh4 h6 12. f3 *

[Event "Panevezys Elite Open 2019"]
[Site "Panevezys"]
[Date "2019.06.30"]
[Round "9.7"]
[White "Juksta, Karolis"]
[Black "Semjonovs, Ilja"]
[Result "*"]
[ECO "D85"]
[WhiteElo "2261"]
[BlackElo "2383"]
[Annotator "ChessBase"]
[PlyCount "28"]
[EventDate "2019.06.24"]
[EventType "swiss"]
[EventCountry "LTU"]
[SourceTitle "playchess.com"]
[Source "ChessBase"]
[SourceQuality "1"]
[TimeControl "40/5400+30:1800+30"]

1. d4 Nf6 2. c4 g6 3. Nc3 d5 4. cxd5 Nxd5 5. e4 Nxc3 6. bxc3 Bg7 7. Nf3 O-O 8. Be2 c5 9. O-O b6 10. Bg5 Bb7 11. Qd3 cxd4 12. cxd4 Qd7 13. Rad1 e6 14. Qe3 Nc6 *

[Event "Panevezys Elite Open 2019"]
[Site "Panevezys"]
[Date "2019.06.30"]
[Round "9.8"]
[White "Zhukov, Anton"]
[Black "Stremavicius, Titas"]
[Result "*"]
[ECO "D37"]
[WhiteElo "2178"]
[BlackElo "2477"]
[Annotator "ChessBase"]
[PlyCount "24"]
[EventDate "2019.06.24"]
[EventType "swiss"]
[EventCountry "LTU"]
[SourceTitle "playchess.com"]
[Source "ChessBase"]
[SourceQuality "1"]
[TimeControl "40/5400+30:1800+30"]

1. d4 Nf6 2. c4 e6 3. Nf3 d5 4. Nc3 Nbd7 5. Bf4 dxc4 6. e3 Nd5 7. Bxc4 Nxf4 8. exf4 Nb6 9. Bb3 g6 10. O-O Bg7 11. Rc1 O-O 12. Qe2 a5 *

[Event "Panevezys Elite Open 2019"]
[Site "Panevezys"]
[Date "2019.06.30"]
[Round "9.9"]
[White "Sliwicka, Alicja"]
[Black "Rudzinska, Michalina"]
[Result "*"]
[ECO "B40"]
[WhiteElo "2261"]
[BlackElo "2143"]
[Annotator "ChessBase"]
[PlyCount "33"]
[EventDate "2019.06.24"]
[EventType "swiss"]
[EventCountry "LTU"]
[SourceTitle "playchess.com"]
[Source "ChessBase"]
[SourceQuality "1"]
[TimeControl "40/5400+30:1800+30"]

1. e4 c5 2. Nf3 e6 3. c4 a6 4. Nc3 Nc6 5. d4 cxd4 6. Nxd4 Qc7 7. Be3 Nf6 8. Rc1 Be7 9. Be2 d6 10. f3 O-O 11. O-O Nxd4 12. Bxd4 Nd7 13. Qd2 b6 14. Rfd1 Bb7 15. Bf1 Rac8 16. a3 Qb8 17. Qf2 *

[Event "Panevezys Elite Open 2019"]
[Site "Panevezys"]
[Date "2019.06.30"]
[Round "9.10"]
[White "Stasans, Aivars"]
[Black "Juknis, Paulius"]
[Result "*"]
[ECO "C10"]
[WhiteElo "2039"]
[BlackElo "2169"]
[Annotator "ChessBase"]
[PlyCount "25"]
[EventDate "2019.06.24"]
[EventType "swiss"]
[EventCountry "LTU"]
[SourceTitle "playchess.com"]
[Source "ChessBase"]
[SourceQuality "1"]
[TimeControl "40/5400+30:1800+30"]

1. e4 e6 2. d4 d5 3. Nc3 Nc6 4. e5 f6 5. exf6 Nxf6 6. Nf3 Bd6 7. Bg5 O-O 8. Bd3 Qe8 9. Qe2 Qh5 10. Bxf6 Rxf6 11. O-O-O Bd7 12. Bb5 Raf8 13. Rhe1 *

[Event "Panevezys Elite Open 2019"]
[Site "Panevezys"]
[Date "2019.06.30"]
[Round "9.11"]
[White "Sinitsina, Anastassia"]
[Black "Harshita Guddanti"]
[Result "*"]
[ECO "A14"]
[WhiteElo "2095"]
[BlackElo "2072"]
[Annotator "NA"]
[PlyCount "22"]
[EventDate "2019.06.24"]
[EventType "swiss"]
[EventCountry "LTU"]
[SourceTitle "playchess.com"]
[Source "ChessBase"]
[SourceQuality "1"]
[TimeControl "40/5400+30:1800+30"]

1. Nf3 Nf6 2. g3 d5 3. c4 e6 4. Bg2 Be7 5. O-O O-O 6. Qc2 c5 7. d3 Nc6 8. a3 d4 9. e3 e5 10. exd4 exd4 11. Re1 h6 *

[Event "Panevezys Elite Open 2019"]
[Site "Panevezys"]
[Date "2019.06.30"]
[Round "9.13"]
[White "Zaura, Vidmantas"]
[Black "Cholleti Sahajasri"]
[Result "*"]
[ECO "A04"]
[WhiteElo "2223"]
[BlackElo "2207"]
[Annotator "ChessBase"]
[PlyCount "24"]
[EventDate "2019.06.24"]
[EventType "swiss"]
[EventCountry "LTU"]
[SourceTitle "playchess.com"]
[Source "ChessBase"]
[SourceQuality "1"]
[TimeControl "40/5400+30:1800+30"]

1. Nf3 c5 2. c4 Nc6 3. Nc3 g6 4. g3 Bg7 5. Bg2 e6 6. e3 Nge7 7. d4 cxd4 8. exd4 d5 9. O-O O-O 10. cxd5 exd5 11. Qb3 Bg4 12. Be3 Qd7 *